 Dungeon Crawl Stone Soup version 0.21.1-1-g345015f (webtiles) character file.

111 snha the Slasher (level 4, -6/36 HPs)
             Began as a Centaur Warper on May 30, 2018.
             Mangled by an orc
             ... wielding a +0 morningstar
              (13 damage)
             ... on level 3 of the Dungeon.
             The game lasted 00:05:18 (2238 turns).

snha the Slasher (Centaur Warper)                   Turns: 2238, Time: 00:05:19

Health: -6/36      AC:  4    Str: 13    XL:     4   Next: 62%
Magic:  1/6        EV:  9    Int: 13    God:
Gold:   75         SH:  0    Dex:  9    Spells: 2/6 levels left

rFire    . . .     SeeInvis .   a - +0 falchion
rCold    . . .     Gourm    .   (no shield)
rNeg     . . .     Faith    .   h - +0 leather armour (curse)
rPois    .         Spirit   .   (no helmet)
rElec    .         Reflect  .   (no cloak)
rCorr    .         Harm     .   (no gloves)
MR       .....                  (no barding)
Stlth    ..........             (no amulet)
HPRegen  0.12/turn              (no ring)
MPRegen  0.10/turn              (no ring)

@: very slightly contaminated, very quick
A: large, hooves 3, deformed body, speed 2, tough skin 3
a: no special abilities


You were on level 3 of the Dungeon.
You were not hungry.

You visited 1 branch of the dungeon, and saw 3 of its levels.

You collected 75 gold pieces.

Inventory:

Hand Weapons
 a - a +0 falchion (weapon)
Missiles
 e - 5 tomahawks of dispersal (quivered)
 k - 15 arrows
Armour
 b - a +0 leather armour
 h - a cursed +0 leather armour (worn)
Jewellery
 l - an uncursed amulet of regeneration {unknown}
 o - an uncursed ring of fire {unknown}
Scrolls
 d - a scroll of blinking
 g - a scroll of fear {unknown}
 n - a scroll of teleportation {unknown}
Potions
 j - 2 potions of curing {unknown}
 m - a potion of cancellation {unknown}
 p - a potion of heal wounds {unknown}
Books
 c - a book of Spatial Translocations

   Spells                             Type                      Level
   a - Blink                          Translocation                2
   b - Shroud of Golubria             Charms/Translocation         2
   c - Lesser Beckoning               Translocation                3
   d - Gell's Gravitas                Translocation                3
   e - Teleport Other                 Translocation                3
   f - Passage of Golubria            Translocation                4
Comestibles
 f - 2 rations
 i - 3 chunks of flesh


   Skills:
 - Level 2.0 Fighting
 + Level 4.5 Long Blades
 - Level 1.1 Throwing
 - Level 0.6 Armour
 - Level 1.3 Dodging
 - Level 1.5 Spellcasting
 - Level 2.6 Translocations


You had 2 spell levels left.
You knew the following spells:

 Your Spells              Type           Power        Failure   Level  Hunger
a - Blink                 Tloc           N/A          17%         2    ###....
b - Shroud of Golubria    Chrm/Tloc      #.........   30%         2    ###....


Dungeon Overview and Level Annotations

Branches:
Dungeon (3/15)

Altars:
Ru
The Shining One


Innate Abilities, Weirdness & Mutations

You have hooves in place of feet.
Armour fits poorly on your strangely shaped body.
You cover ground very quickly.
You have extremely tough skin. (AC +3)


Message History

You hit the orc but do no damage.
The orc is moderately wounded.
You hit the orc but do no damage. You kick the orc, but do no damage.
The orc is moderately wounded.
The orc barely misses you.
You riposte.
You hit the orc but do no damage.
The orc is moderately wounded.
You hit the orc but do no damage.
The orc is moderately wounded.
The orc completely misses you.
You hit the orc but do no damage. You kick the orc, but do no damage.
The orc is moderately wounded.
The orc hits you with a morningstar!
* * * LOW HITPOINT WARNING * * *
You closely miss the orc. You kick the orc.
The orc is heavily wounded.
The orc barely misses you.
You hit the orc but do no damage. You kick the orc, but do no damage.
The orc is heavily wounded.
The orc hits you with a morningstar!
You die...

#.. ....# #.# #..# #.#
#..####..##
#.############..........
#######.............#.####..##
.......<##.########.#)#
.#########.# #.#.#
###.########.#.#
#.....wo@....#.#
#.####o####..#<#
.######.##...o.##..#(...#
..!....)#.......#..#####.#
######.o#.......#..#
##....._....K..
#.#.......#.### #.#.......#.#
#.##.....## #


You could see a dart slug and 2 orcs.

Vanquished Creatures
  An orc wizard (D:2)
  2 adders (D:2)
  2 oozes (D:2)
  2 worms (D:2)
  2 dart slugs
  2 leopard geckos (D:2)
  An orc (D:3)
  4 bats
  A giant cockroach (D:2)
  7 goblins
  4 hobgoblins
  2 jackals
  2 quokkas (D:2)
  A ball python (D:2)
  A frilled lizard (D:2)
  7 kobolds
  7 rats
48 creatures vanquished.

Notes
Turn   | Place    | Note
-------+----------+-------------------------------------------
     0 | D:1      | snha the Centaur Warper began the quest for the Orb.
     0 | D:1      | Reached XP level 1. HP: 17/17 MP: 3/3
   174 | D:1      | Reached skill level 2 in Long Blades
   481 | D:1      | Reached XP level 2. HP: 23/24 MP: 4/4
   487 | D:1      | Learned a level 2 spell: Blink
   490 | D:1      | Learned a level 2 spell: Shroud of Golubria
  1031 | D:2      | Reached skill level 3 in Long Blades
  1289 | D:2      | Reached XP level 3. HP: 29/29 MP: 5/5
  1567 | D:2      | Reached XP level 4. HP: 25/36 MP: 3/6
  1653 | D:2      | Reached skill level 4 in Long Blades
  1758 | D:2      | Found a sacrificial altar of Ru.
  2215 | D:3      | Found a glowing golden altar of the Shining One.
  2238 | D:3      | Mangled by an orc

Skill      XL: |  1  2  3  4 |
---------------+-------------+-----
Long Blades    | 2 3 4 |  4.5
Fighting       | |  2.0
Throwing       | |  1.1
Armour         | |  0.6
Dodging        | |  1.3
Spellcasting   | |  1.5
Translocations | |  2.6

Action                   |  1- 3 |  4- 6 || total
-------------------------+-------+-------++-------
Melee: Falchion          |   100 |    60 ||   160
       Kick              |    19 |    10 ||    29
 Cast: Shroud of Golubri |     5 |     7 ||    12
 Stab: Paralysed         |       |     1 ||     1
  Eat: Chunk             |     2 |     2 ||     4
Armor: Leather armour    |    43 |    14 ||    57
Dodge: Dodged            |    49 |    27 ||    76
       Rpst.: Falchion   |    25 |    10 ||    35
